 Dungeon Crawl Stone Soup version 0.21.1-1-g345015f (webtiles) character file.

1703 goulibeur the Schismatic (level 8, -11/63 HPs)
             Began as a Demonspawn Abyssal Knight on July 18, 2018.
             Was an Elder of Lugonu.
             Killed by divine providence
             ... invoked by an orc priest
              (14 damage)
             ... on level 7 of the Dungeon.
             The game lasted 00:32:00 (7588 turns).

goulibeur the Schismatic (DsAK)                     Turns: 7588, Time: 00:32:01

Health: -11/63     AC: 15    Str: 12    XL:     8   Next: 73%
Magic:  14/14      EV:  7    Int: 14    God:    Lugonu [****..]
Gold:   289        SH:  5    Dex: 15    Spells: 7/7 levels left

rFire    . . .     SeeInvis .   D - +3 war axe
rCold    . . .     Gourm    .   d - +0 buckler
rNeg     + . .     Faith    .   o - +1 chain mail
rPois    .         Spirit   .   (helmet restricted)
rElec    .         Reflect  .   z - +0 cloak
rCorr    .         Harm     .   (no gloves)
MR       .....                  p - +0 pair of boots
Stlth    ..........             y - amulet of magic regeneration
HPRegen  0.20/turn              C - ring of stealth
MPRegen  0.39/turn              u - ring of positive energy

@: no status effects
A: horns 1, molten scales 1, spiny 1
a: Depart the Abyss, Bend Space, Banish, Corrupt, Renounce Religion


You were on level 7 of the Dungeon.
You worshipped Lugonu.
Lugonu was greatly pleased with you.
You were not hungry.

You visited 1 branch of the dungeon, and saw 7 of its levels.
You visited the Abyss 1 time.

You collected 289 gold pieces.

Inventory:

Hand Weapons
 a - a +1 short sword
 w - a +1 mace of venom
 D - a +3 war axe (weapon)
Armour
 b - a +0 leather armour
 d - a +0 buckler (worn)
 o - a +1 chain mail (worn)
 p - a +0 pair of boots (worn)
 v - a scarf of resistance
 z - a +0 cloak (worn)
Jewellery
 q - a -3 ring of intelligence
 t - an uncursed ring of flight
 u - a ring of positive energy (right hand)
 y - an amulet of magic regeneration (around neck)
 C - a ring of stealth (left hand)
Wands
 i - a wand of acid (2)
Scrolls
 h - a scroll of fog
 B - a scroll of teleportation {unknown}
Potions
 e - a potion of magic {unknown}
 f - a potion of might
 g - a potion of invisibility {unknown}
 j - a potion of agility {unknown}
 k - 5 potions of curing
 l - a potion of brilliance {unknown}
 m - 2 potions of mutation {unknown}
 n - 2 potions of cancellation
 r - a potion of haste {unknown}
 A - a potion of flight {unknown}
Books
 x - a Young Poisoner's Handbook

   Spells                             Type                      Level
   a - Sting                          Conjuration/Poison           1
   b - Poisonous Vapours              Poison/Air                   2
   c - Mephitic Cloud                 Conjuration/Poison/Air       3
   d - Olgreb's Toxic Radiance        Poison                       4
   e - Venom Bolt                     Conjuration/Poison           5
Comestibles
 c - 10 rations


   Skills:
 + Level 5.4 Fighting
 - Level 1.7 Short Blades
 + Level 4.5 Armour
 + Level 4.0 Dodging
 + Level 3.9 Shields
 * Level 8.9 Invocations


You had 7 spell levels left.
You didn't know any spells.

Dungeon Overview and Level Annotations

Branches:
Dungeon (7/15)             Temple (0/1) D:5

Altars:
Ashenzari
Cheibriados
Elyvilon
Makhleb
Qazlal
Ru
Sif Muna
Trog
Vehumet
Yredelemnul
Zin
The Shining One

Shops:
D:4 =   D:7 ?


Innate Abilities, Weirdness & Mutations

You have a pair of small horns on your head.
You are partially covered in molten scales. (AC +2)
You are partially covered in sharp spines.


Message History

The orc warrior hits you with a hand axe.
* * * LOW HITPOINT WARNING * * *
You feel much better.
The orc priest calls upon Beogh to heal the orc warrior.
The orc warrior is healed somewhat.
The orc priest calls down the wrath of Beogh upon you.
Beogh smites you!
* * * LOW HITPOINT WARNING * * *
The orc warrior is struck by your spines.
The orc warrior hits you but does no damage.
The orc priest calls down the wrath of Beogh upon you.
Beogh smites you!
* * * LOW HITPOINT WARNING * * *
The orc priest casts a cantrip, but nothing happens.
The orc priest looks encouraged for a moment.
Okay, then.
You don't have enough health at the moment.
The orc priest invokes the aid of Beogh against you.
Beogh smites you!
You die...

#.......>...........
#.......).##.######
#...................
#........########...
#........#
#........#
#####'#### #######.#
#......@# #......o#
#.......# #......##
#......# #......#
#.....o## #.....o.#
#.......#


You could see an orc warrior and 2 orc priests.

Vanquished Creatures
  A water moccasin (D:5)
  A phantom (D:4)
  2 ice beasts (D:5)
  An ogre (D:3)
  A bullfrog (D:6)
  2 gnoll sergeants (D:6)
  A scorpion (D:6)
  2 howler monkeys (D:6)
  A quasit (D:6)
  2 hounds
  2 bullfrog skeletons (D:5)
  4 orc priests
  2 orc wizards
  A centaur skeleton (D:4)
  An iguana (D:5)
  6 worker ants
  A hound zombie (D:6)
  2 worker ant zombies
  9 gnolls (D:6)
  11 adders
  4 river rats (D:6)
  2 shadow imps (D:5)
  An ooze (D:3)
  An adder zombie (D:5)
  3 worms
  2 dart slugs (D:2)
  4 leopard geckos
  19 orcs
  8 bats
  7 giant cockroaches
  10 goblins
  8 hobgoblins
  6 jackals
  2 quokkas
  3 ball pythons
  4 frilled lizards
  11 kobolds
  11 rats
159 creatures vanquished.

Vanquished Creatures (others)
  4 plants (D:6)
4 creatures vanquished.

Grand Total: 163 creatures vanquished

Notes
Turn   | Place    | Note
-------+----------+-------------------------------------------
     0 | Abyss:1  | goulibeur the Demonspawn Abyssal Knight began the quest for the Orb.
     0 | Abyss:1  | Reached XP level 1. HP: 18/18 MP: 2/2
    37 | Abyss:1  | Noticed a large abomination
    39 | D:1      | Escaped the Abyss
    71 | D:1      | Reached * piety under Lugonu
   151 | D:1      | Reached skill level 1 in Dodging
   203 | D:1      | Gained mutation: You are partially covered in sharp spines. [demonic ancestry]
   203 | D:1      | Reached XP level 2. HP: 9/24 MP: 4/4
   550 | D:1      | Reached skill level 3 in Invocations
   961 | D:1      | Gained mutation: You have a pair of small horns on your head. [demonic ancestry]
   961 | D:1      | Reached XP level 3. HP: 25/29 MP: 5/5
  1182 | D:2      | Reached skill level 1 in Shields
  1595 | D:2      | Found a snail-covered altar of Cheibriados.
  1646 | D:2      | Reached XP level 4. HP: 28/35 MP: 6/6
  1764 | D:2      | Found a shattered altar of Ashenzari.
  1766 | D:2      | Found a radiant altar of Vehumet.
  1767 | D:2      | Found a basalt altar of Yredelemnul.
  1843 | D:2      | Reached ** piety under Lugonu
  1912 | D:2      | Found a faded altar of an unknown god.
  1926 | D:2      | Reached skill level 4 in Invocations
  2381 | D:3      | Noticed an ogre
  2393 | D:3      | Killed an ogre
  2393 | D:3      | Reached XP level 5. HP: 41/42 MP: 8/8
  3166 | D:3      | Reached skill level 5 in Invocations
  3387 | D:3      | Reached XP level 6. HP: 40/48 MP: 9/9
  3553 | D:3      | Found a burning altar of Makhleb.
  3848 | D:4      | Reached *** piety under Lugonu
  3919 | D:4      | Found Idycasm's Jewellery Shop.
  4076 | D:4      | Found a stormy altar of Qazlal.
  4102 | D:4      | Reached skill level 6 in Invocations
  4250 | D:4      | Gained mutation: You are partially covered in molten scales. (AC +2) [demonic ancestry]
  4250 | D:4      | Reached XP level 7. HP: 53/54 MP: 11/11
  4698 | D:5      | Entered Level 5 of the Dungeon
  4819 | D:5      | Found a staircase to the Ecumenical Temple.
  5103 | D:5      | Reached skill level 7 in Invocations
  5163 | D:5      | Found a sacrificial altar of Ru.
  5550 | D:5      | Found a deep blue altar of Sif Muna.
  5758 | D:6      | Reached XP level 8. HP: 59/61 MP: 13/13
  5820 | D:6      | Found a glowing silver altar of Zin.
  5820 | D:6      | Found a white marble altar of Elyvilon.
  5820 | D:6      | Found a glowing golden altar of the Shining One.
  6360 | D:6      | Found a basalt altar of Yredelemnul.
  6626 | D:6      | Reached **** piety under Lugonu
  6626 | D:6      | Reached skill level 5 in Fighting
  6626 | D:6      | Reached skill level 8 in Invocations
  6859 | D:6      | Found a bloodstained altar of Trog.
  7561 | D:7      | Found Opny's Magic Scroll Emporium.
  7583 | D:7      | HP: 2/63 [orc priest/divine providence (15)]
  7588 | D:7      | Killed from afar by an orc priest

Skill      XL: |  1  2  3  4  5  6  7  8 |
---------------+-------------------------+-----
Dodging        | 1 2 3 4 |  4.0
Armour         | 2 3 4 |  4.5
Invocations    | 3 4 5 6 7 8 |  8.9
Shields        | 1 2 3 |  3.9
Fighting       | 4 5 |  5.4
Short Blades   | |  1.7

Action                   |  1- 3 |  4- 6 |  7- 9 || total
-------------------------+-------+-------+-------++-------
Melee: Short sword       |   134 |   155 |   147 ||   436
       Headbutt          |     3 |    29 |    47 ||    79
       Mace              |       |       |    78 ||    78
       War axe           |       |       |    13 ||    13
Invok: Depart the Abyss  |     1 |       |       ||     1
  Use: Scroll            |       |     5 |     7 ||    12
       Potion            |       |       |     3 ||     3
  Eat: Chunk             |     2 |     9 |     7 ||    18
       Ration            |       |       |     1 ||     1
Armor: Leather armour    |    28 |     8 |       ||    36
       Chain mail        |       |    55 |   142 ||   197
Dodge: Dodged            |    68 |    54 |    57 ||   179
Block: Buckler           |       |       |    40 ||    40
